 Dungeon Crawl Stone Soup version 0.22.1-2-g9c5b331 (webtiles) character file.

49 Fang the Skirmisher (level 3, -2/24 HPs)
             Began as a Gargoyle Berserker on Dec 19, 2018.
             Was a Follower of Trog.
             Slain by an orc
             ... wielding a +0 dagger of distortion
              (21 damage)
             ... on level 2 of the Dungeon.
             The game lasted 00:01:01 (1364 turns).

Fang the Skirmisher (Gargoyle Berserker)            Turns: 1364, Time: 00:01:02

Health: -2/24      AC:  5    Str: 21    XL:     3   Next: 75%
Magic:  12/12      EV: 12    Int:  7    God:    Trog [*.....]
Gold:   48         SH:  0    Dex:  9    Spells: 2/2 levels left

rFire    . . .     SeeInvis .   a - +0 hand axe
rCold    . . .     Gourm    .   (no shield)
rNeg     + . .     Faith    .   b - +0 animal skin
rPois    ∞         Spirit   .   (no helmet)
rElec    +         Reflect  .   (no cloak)
rCorr    .         Harm     .   (no gloves)
MR       .....                  (no boots)
Stlth    +.........             (no amulet)
HPRegen  0.08/turn              o - ring of magical power
MPRegen  0.13/turn              (no ring)

@: no status effects
A: negative energy resistance 1, electricity resistance, unbreathing,
petrification resistance, rot immunity, AC +3
a: Berserk, Renounce Religion


You were on level 2 of the Dungeon.
You worshipped Trog.
Trog was aware of your devotion.
You were not hungry.

You visited 1 branch of the dungeon, and saw 2 of its levels.

You collected 48 gold pieces.

Inventory:

Hand Weapons
 a - a +0 hand axe (weapon)
Armour
 b - a +0 animal skin (worn)
Jewellery
 o - a ring of magical power (left hand)
Scrolls
 d - a scroll of fear {unknown}
 e - a scroll of identify {unknown}
 f - a scroll of remove curse {unknown}
 h - a scroll of immolation {unknown}
 l - 2 scrolls of magic mapping {unknown}
 p - a scroll of teleportation {unknown}
 q - a scroll of blinking {unknown}
Potions
 g - 3 potions of brilliance {unknown}
 i - a potion of curing {unknown}
 j - 2 potions of lignification {unknown}
 k - a potion of heal wounds {unknown}
 n - a potion of degeneration {unknown}
Comestibles
 c - 2 rations


   Skills:
 + Level 3.9 Fighting
 + Level 3.4 Axes
 + Level 2.5 Armour
 + Level 1.9 Dodging


You had 2 spell levels left.
You didn't know any spells.
Your spell library was empty.

Dungeon Overview and Level Annotations

Branches:
Dungeon (2/15)

Altars:


Innate Abilities, Weirdness & Mutations

You are resistant to torment.
Your stone body is resilient. (AC +3)
You are immune to poison.
You resist negative energy. (rN+)
You are resistant to electric shocks. (rElec)
You can survive without breathing.
You are immune to petrification.
You are immune to rotting.


Message History

No target in view!
No target in view!
Okay, then.
The orc shouts!
The orc is too close now for your liking.
An orc is nearby!
An orc is nearby!
The orc hits you with a dagger of distortion.
You blink.
You closely miss the orc. The orc hits you but does no damage.
Space bends around you.
You barely miss the orc. The orc closely misses you.
You hit the orc.
The orc is heavily wounded.
The orc barely misses you.
You barely miss the orc.
The orc is heavily wounded.
The orc hits you but does no damage. Space warps horribly around you!
Ouch! That really hurt!
You die...

###### #....##
#####.#...###############
.........................
#.....##..###########.###
# ##.o($# #.# #....#@####
#.# #.##.#....# #.#
#....#=.#.# #.#
.......#... #.#
##.....##### #.#
.#####.)...## #.#
......).....##### #.#
.######.....#... #.#
#...#.#.# #.#


You could see an orc.

Vanquished Creatures
  A gnoll (D:1)
  An ooze (D:2)
  A worm (D:2)
  3 dart slugs
  2 orcs (D:2)
  A giant cockroach (D:2)
  3 hobgoblins
  4 jackals (D:2)
  2 bats
  4 frilled lizards
  2 kobolds
  2 rats
26 creatures vanquished.

Notes
Turn   | Place    | Note
-------+----------+-------------------------------------------
     0 | D:1      | Fang the Gargoyle Berserker began the quest for the Orb.
     0 | D:1      | Reached XP level 1. HP: 14/14 MP: 1/1
    52 | D:1      | Reached XP level 2. HP: 4/19 MP: 2/2
   756 | D:2      | Reached XP level 3. HP: 18/24 MP: 3/3
  1364 | D:2      | Slain by an orc

Skill      XL: |  1  2 |
---------------+-------+-----
Axes           | 3 |  3.4
Fighting       | |  3.9
Armour         | |  2.5
Dodging        | |  1.9

Action                   || total
-------------------------++-------
Melee: Hand axe          ||    77
Invok: Berserk           ||     2
  Eat: Ration            ||     1
       Chunk             ||     1
Armor: Animal skin       ||    27
Dodge: Dodged            ||    45
